 Dungeon Crawl Stone Soup version 0.29.0-4-gdea44cf6ec (webtiles) character file.

Game seed: 4278738166157811650

415 qw the Chopper (level 6, -4/37 HPs)
             Began as a Tengu Warper on Aug 28, 2022.
             Slain by a gnoll
             ... wielding a +0 halberd
              (11 damage)
             ... on level 4 of the Dungeon.
             The game lasted 00:00:23 (2745 turns).

qw the Chopper (Tengu Warper)                       Turns: 2745, Time: 00:00:24

Health: -4/37      AC: 10    Str: 13    XL:     6   Next: 92%
Magic:  10/10      EV: 12    Int: 16    God:
Gold:   273        SH:  0    Dex: 20    Spells: 9/9 levels left

rFire   + . .      SeeInvis .   Y - +0 hand axe
rCold   + . .      Faith    .   (no shield)
rNeg    . . .      Spirit   .   h - +0 scale mail
rPois   .          Reflect  .   (helmet restricted)
rElec   +          Harm     .   e - scarf {rC+ rF+}
rCorr   .          Rampage  .   (no gloves)
Will    .....                   (boots unavailable)
Stlth   ..........              d - amulet of regeneration
HPRegen 0.92/turn               m - ring of Qolepn {rElec AC+4 Int+3 Dex+6}
MPRegen 0.12/turn               (no ring)

@: about to teleport, flying quickly and evasively, quick
A: beak, talons 3, nimble flight
a: no special abilities


You were on level 4 of the Dungeon.
You visited 1 branch of the dungeon, and saw 4 of its levels.

You collected 273 gold pieces.


Innate Abilities, Weirdness & Mutations

You have a beak for a mouth.
You have claws for feet.
Your magical nature lets you fly swiftly and evasively.


   Skills:
 - Level 3.1 Fighting
 + Level 7.1 Axes
 - Level 1.0 Throwing
 - Level 1.1 Armour
 - Level 3.0 Dodging
 - Level 2.0 Spellcasting
 - Level 2.4 Translocations


You had 9 spell levels left.
You didn't know any spells.
Your spell library contained the following spells:

 Spells                   Type           Power      Damage    Failure   Level
 Blink                    Tloc           18%        N/A       50%         2
 Gell's Gravitas          Tloc           9%         N/A       75%         3
 Lesser Beckoning         Tloc           9%         N/A       75%         3
 Teleport Other           Tloc           9%         N/A       75%         3
 Manifold Assault         Tloc           9%         N/A       100%        5

Inventory:

Hand Weapons
 l - a +0 mace
 Y - a +0 hand axe (weapon)
Missiles
 n - 6 boomerangs (quivered)
Armour
 e - a scarf of resistance (worn)
 h - a +0 scale mail (worn)
Jewellery
 d - an amulet of regeneration (around neck)
 m - the ring of Qolepn (left hand) {rElec AC+4 Int+3 Dex+6}
   (You took it off a goblin on level 3 of the Dungeon)

   [ring of protection]

   AC:        It affects your AC (+4).
   Int:       It affects your intelligence (+3).
   Dex:       It affects your dexterity (+6).
   rElec:     It insulates you from electricity.
Potions
 a - a potion of curing
 c - a potion of lignification {unknown}
 f - a potion of haste {unknown}
 i - a potion of degeneration {unknown}
 j - a potion of heal wounds {unknown}

Dungeon Overview and Level Annotations

Branches:
Dungeon (4/15)
 Temple: D:4-7

Altars:
Elyvilon
Gozag
Xom
Zin

Annotations:
D:3 1 runed translucent door, qw's ghost, amateur TeWr
D:4 Grinder


Message History

You hit the gnoll but do no damage. The gnoll barely misses you.
The gnoll hits you from afar with a +0 halberd.
Grinder shouts!
The gnoll shouts!
You hit the gnoll but do no damage.
The gnoll is severely wounded.
You closely miss the gnoll. The gnoll hits you with a +0 whip!
The gnoll barely misses you. The gnoll hits you with a +0 flail.
You hit the gnoll.
You kill the gnoll!
You closely miss the gnoll.
Grinder blinks!
The gnoll barely misses you. The gnoll closely misses you.
You barely miss the gnoll. Your peck misses the gnoll.
The gnoll hits you with a +0 whip!
The gnoll hits you from afar with a +0 halberd.
You closely miss the gnoll. You claw the gnoll.
The gnoll is moderately wounded.
The gnoll hits you with a +0 whip. The gnoll misses you.
The gnoll hits you from afar with a +0 spear.
You hit the gnoll. You claw the gnoll, but do no damage.
You peck the gnoll, but do no damage.
The gnoll is moderately wounded.
You hit the gnoll. You claw the gnoll!
The gnoll is almost dead.
The gnoll hits you but does no damage.
The gnoll hits you from afar with a +0 spear.
The gnoll misses you.
You hit the gnoll.
You kill the gnoll!
You closely miss Grinder. Grinder closely misses you.
The gnoll hits you from afar with a +0 halberd!
The gnoll misses you.
Your Dodging skill increases to level 3!
2745 ||| READING scroll of teleportation.
As you read the scroll of teleportation, it crumbles to dust.
You feel strangely unstable.
The gnoll hits you from afar with a +0 halberd!
You die...

#........##....#########......
#.................# ...# .....
#...##...##.......#....# ....
... ######.......#....# ...
........(........'....# ..
...............#....# .
.).........g..#....+
##...##...##.## ...#
##...##...##@# ###
#..........))5.....#
#.........g........#
#..................+
#######'####.......# ..
#.......# . #'####### ...


You could see Grinder and 2 gnolls.

Vanquished Creatures
  Sigmund (D:3)
  An iguana (D:4)
  Natasha (thrice) (D:3)
  Robin (D:3)
  2 gnolls (D:4)
  4 adders
  3 dart slugs
  6 orcs
  2 ball pythons
  6 bats
  5 endoplasms
  3 giant cockroaches
  11 hobgoblins
  2 jackals (D:2)
  4 kobolds
  A quokka (D:2)
  3 frilled lizards (D:1)
  11 goblins
  6 rats (D:1)
75 creatures vanquished.

Vanquished Creatures (others)
  2 fungi (D:1)
  A plant (D:1)
3 creatures vanquished.

Grand Total: 78 creatures vanquished

Notes
Turn   | Place    | Note
-------+----------+-------------------------------------------
     0 | D:1      | qw the Tengu Warper began the quest for the Orb.
     0 | D:1      | Reached XP level 1. HP: 12/12 MP: 4/4
     0 | D:1      | 0 ||| qw: Version: 0.1-a-89-g26bdef1
     0 | D:1      | 0 ||| qw: Game counter: 2650
     0 | D:1      | 0 ||| qw: Always use a shield: true
     0 | D:1      | 0 ||| qw: God list: Okawaru
     0 | D:1      | 0 ||| qw: Allow faded altars: false
     0 | D:1      | 0 ||| qw: Do Orc after D:15 true
     0 | D:1      | 0 ||| qw: Do second Lair branch before Depths: true
     0 | D:1      | 0 ||| qw: Lair rune preference: random
     0 | D:1      | 0 ||| qw: Plans: Normal
     0 | D:1      | 0 ||| PLANNING D:1-11
   113 | D:1      | Reached XP level 2. HP: 10/17 MP: 6/6
   114 | D:1      | Reached skill level 3 in Axes
   458 | D:1      | 458 ||| Stepping ~*~*~tactically~*~*~ (stealth).
   460 | D:1      | 460 ||| Stepping ~*~*~tactically~*~*~ (stealth).
   539 | D:1      | 539 ||| Stepping ~*~*~tactically~*~*~ (stealth).
   572 | D:1      | Reached XP level 3. HP: 21/21 MP: 7/7
   780 | D:1      | Found a faded altar of an unknown god.
   781 | D:1      | 781 ||| DROPPING +0 club.
   838 | D:1      | 838 ||| UPGRADING to +0 ring mail.
   848 | D:1      | 848 ||| DROPPING +0 leather armour.
   849 | D:1      | 849 ||| UPGRADING to amulet of regeneration.
   854 | D:1      | 854 ||| READING scroll labelled FARPHE WOELYCU.
   855 | D:1      | 855 ||| READING scroll labelled WIUDE ENWOU.
   859 | D:1      | 859 ||| READING scroll labelled ILUCLA ZYNYIXT.
   860 | D:1      | 860 ||| READING scroll labelled OHAKOC OPHUCS.
   861 | D:1      | 861 ||| DROPPING scroll of blinking.
   885 | D:2      | Reached skill level 4 in Axes
   915 | D:2      | 915 ||| Stepping ~*~*~tactically~*~*~ (stealth).
  1199 | D:2      | Reached XP level 4. HP: 25/26 MP: 8/8
  1204 | D:2      | 1204 ||| Stepping ~*~*~tactically~*~*~ (stealth).
  1219 | D:2      | 1219 ||| Stepping ~*~*~tactically~*~*~ (stealth).
  1224 | D:2      | 1224 ||| Stepping ~*~*~tactically~*~*~ (stealth).
  1228 | D:2      | 1228 ||| Stepping ~*~*~tactically~*~*~ (stealth).
  1229 | D:2      | 1229 ||| Stepping ~*~*~tactically~*~*~ (stealth).
  1230 | D:2      | 1230 ||| Stepping ~*~*~tactically~*~*~ (stealth).
  1232 | D:2      | 1232 ||| Stepping ~*~*~tactically~*~*~ (stealth).
  1233 | D:2      | 1233 ||| Stepping ~*~*~tactically~*~*~ (stealth).
  1449 | D:2      | 1449 ||| Stepping ~*~*~tactically~*~*~ (hiding).
  1640 | D:2      | 1640 ||| UPGRADING to scarf of resistance.
  1645 | D:2      | 1645 ||| UPGRADING to +0 scale mail.
  1655 | D:2      | 1655 ||| DROPPING +0 ring mail.
  1656 | D:2      | 1656 ||| DROPPING ring of flight.
  1657 | D:2      | 1657 ||| READING scroll labelled TANNOU HUBB.
  1701 | D:3      | Noticed Sigmund
  1702 | D:3      | 1702 ||| Stepping ~*~*~tactically~*~*~ (hiding).
  1718 | D:3      | Killed Sigmund
  1719 | D:3      | Reached skill level 6 in Axes
  1719 | D:3      | Gained mutation: Your magical nature lets you fly swiftly
                  | and evasively. [Tengu growth]
  1719 | D:3      | Reached XP level 5. HP: 27/30 MP: 9/9
  1719 | D:3      | Reached XP level 6. HP: 32/35 MP: 10/10
  1813 | D:3      | 1813 ||| Stepping ~*~*~tactically~*~*~ (hiding).
  1868 | D:3      | Found a shimmering altar of Xom.
  1884 | D:3      | Noticed Natasha
  1885 | D:3      | 1885 ||| Stepping ~*~*~tactically~*~*~ (hiding).
  1896 | D:3      | Killed Natasha
  1897 | D:3      | Reached skill level 7 in Axes
  1918 | D:3      | Noticed Natasha
  1919 | D:3      | 1919 ||| Stepping ~*~*~tactically~*~*~ (hiding).
  1935 | D:3      | Killed Natasha
  1948 | D:3      | Noticed Natasha
  1949 | D:3      | 1949 ||| FLEEEEING.
  1950 | D:3      | 1950 ||| FLEEEEING.
  1952 | D:3      | 1952 ||| FLEEEEING.
  1962 | D:3      | Killed Natasha
  2014 | D:3      | 2014 ||| Stepping ~*~*~tactically~*~*~ (hiding).
  2016 | D:3      | 2016 ||| Stepping ~*~*~tactically~*~*~ (hiding).
  2035 | D:3      | 2035 ||| Stepping ~*~*~tactically~*~*~ (stealth).
  2037 | D:3      | Noticed Robin
  2050 | D:3      | Killed Robin
  2051 | D:3      | Reached skill level 3 in Fighting
  2089 | D:3      | Identified the ring of Qolepn {rElec AC+4 Int+3 Dex+6}
  2090 | D:3      | 2090 ||| Stepping ~*~*~tactically~*~*~ (stealth).
  2120 | D:3      | Found a runed translucent door.
  2123 | D:3      | Noticed qw's ghost (amateur TeWr)
  2170 | D:3      | Found an opulent altar of Gozag.
  2205 | D:3      | Found a white marble altar of Elyvilon.
  2390 | D:3      | 2390 ||| UPGRADING to ring of Qolepn {rElec AC+4 Int+3
                  | Dex+6}.
  2391 | D:3      | 2391 ||| READING 2 scrolls labelled REIMMA QEYTS.
  2392 | D:3      | 2392 ||| READING scroll labelled UWIOD LIUWKUSA.
  2393 | D:3      | 2393 ||| READING scroll labelled ZAUXIST LOKHLE.
  2494 | D:3      | 2494 ||| DRINKING 2 green potions.
  2495 | D:3      | 2495 ||| DROPPING scroll of magic mapping.
  2565 | D:4      | Found a glowing silver altar of Zin.
  2607 | D:4      | Noticed Grinder
  2608 | D:4      | 2608 ||| Stepping ~*~*~tactically~*~*~ (hiding).
  2623 | D:4      | Paralysed by Grinder for 3 turns
  2644 | D:4      | HP: 7/37 [Grinder (7)]
  2644 | D:4      | HP: 3/37 [Grinder (4)]
  2645 | D:4      | 2645 ||| READING 2 scrolls of teleportation.
  2728 | D:4      | 2728 ||| Stepping ~*~*~tactically~*~*~ (stealth).
  2730 | D:4      | 2730 ||| Stepping ~*~*~tactically~*~*~ (stealth).
  2732 | D:4      | 2732 ||| Stepping ~*~*~tactically~*~*~ (hiding).
  2744 | D:4      | HP: 6/37 [gnoll/+0 halberd (9)]
  2745 | D:4      | Reached skill level 3 in Dodging
  2745 | D:4      | 2745 ||| READING scroll of teleportation.
  2745 | D:4      | Slain by a gnoll

Levels and vault maps discovered:
D:1:      onia_arrival_mini_spirals, layout_rooms,
          shapermc_ecumenical_altar_mp_ritualfount
D:2:      layout_basic
D:3:      layout_rooms, mainiacjoe_overflow_surrounded_room,
          mainiacjoe_overflow_catch_the_wave, ebering_ghost_inner_flame,
          uniq_robin, uniq_natasha, uniq_sigmund
D:4:      layout_gridville, kiku_gazebo_garden_becter, general_overflow_altar,
          uniq_grinder

Skill      XL: |  1  2  3  4  5  6 |
---------------+-------------------+-----
Axes           | 3 4 6 7 |  7.1
Fighting       | 3 |  3.1
Dodging        | 3 |  3.0
Throwing       | |  1.0
Armour         | |  1.1
Spellcasting   | |  2.0
Translocations | |  2.4

Action                   |  1- 3 |  4- 6 || total
-------------------------+-------+-------++-------
Melee: Hand axe          |    80 |   157 ||   237
       Kick              |    18 |    46 ||    64
       Peck              |     9 |    20 ||    29
       Punch             |     1 |     1 ||     2
Throw: Boomerang         |     7 |     7 ||    14
  Use: Scroll            |     4 |     6 ||    10
       Potion            |       |     1 ||     1
Armor: Leather armour    |    11 |       ||    11
       Ring mail         |    14 |    11 ||    25
       Scale mail        |       |    27 ||    27
Dodge: Dodged            |    38 |    70 ||   108

Table legend:
 A = Non-vault XP
 B = Vault XP
 C = Vault XP percentage of total XP
 D = Non-vault monster count
 E = Vault monster count
 F = Vault count percentage of total count
                 A         B        C        D         E       F
            +---------+---------+-------+---------+---------+-------
      Total |     293 |     301 |  50.7 |      62 |      13 |  17.3
            +---------+---------+-------+---------+---------+-------
        D:1 |      40 |       0 |   0.0 |      26 |       0 |   0.0
        D:2 |      64 |       0 |   0.0 |      18 |       0 |   0.0
        D:3 |     118 |     301 |  71.8 |      12 |      13 |  52.0
        D:4 |      71 |       0 |   0.0 |       6 |       0 |   0.0
            +---------+---------+-------+---------+---------+-------
